 Dungeon Crawl Stone Soup version 0.14-a0-1739-g6c2808e (webtiles) character file.

296 Mitsuki the Cudgeler (level 5, 0/45 HPs)
             Began as a Hill Orc Fighter on Jan 3, 2014.
             Slain by a gnoll
             ... wielding a +0,+0 spear
              (4 damage)
             ... on Level 3 of the Dungeon.
             The game lasted 00:11:30 (2486 turns).

Mitsuki the Cudgeler (Hill Orc Fighter)             Turns: 2486, Time: 00:11:30

HP   0/45        AC  7     Str 20      XL: 5   Next: 61%
MP   5/5         EV  6     Int  8      God:
Gold 115         SH 19     Dex 10      Spells:  0 memorised,  4 levels left

rFire  . . .     SeeInvis .     a - +0 orc mace
rCold  . . .     Clarity  .     b - +0 orc scale mail
rNeg   . . .     Conserve .     c - +0 orc shield
rPois  .         rCorr    .     (no helmet)
rElec  .         rRot     .     (no cloak)
SustAb . .       Spirit   .     (no gloves)
rMut   .         Warding  .     (no boots)
Gourm  +         Stasis   .     r - amulet of the gourmand
                                (no ring)
                                (no ring)

@: slightly resistant to hostile enchantments, extremely unstealthy
A: saprovore 1
a: no special abilities


You were on level 3 of the Dungeon.
You were completely stuffed.

You visited 1 branch of the dungeon, and saw 3 of its levels.

You collected 115 gold pieces.

Inventory:

Hand weapons
 a - a +0,+0 orcish mace (weapon)
Armour
 b - a +0 orcish scale mail (worn)
 c - a +0 orcish shield (worn)
Magical devices
 o - a wand of magic darts (3)
Comestibles
 d - a meat ration
 f - a bread ration
 i - 15 sultanas
 n - a pear
 q - a rotting chunk of orc flesh
 x - a royal jelly
 A - a chunk of adder flesh
 B - a chunk of rat flesh
 C - a chunk of bat flesh
Scrolls
 e - 2 scrolls of enchant weapon I {unknown}
 g - 3 scrolls of identify
 h - a scroll of immolation {unknown}
 l - 2 scrolls of recharging {unknown}
 m - a scroll of enchant weapon II {unknown}
 p - a scroll of random uselessness {unknown}
 s - 2 scrolls of fog {unknown}
Jewellery
 r - an amulet of the gourmand (around neck)
 w - an uncursed amulet of rage
Potions
 j - a potion of mutation {unknown}
 k - 4 potions of curing
 t - a potion of heal wounds {unknown}
 u - a potion of beneficial mutation {unknown}
 v - a potion of lignification
 z - a potion of agility {unknown}


   Skills:
 - Level 3.6 Fighting
 + Level 6.2 Maces & Flails
 - Level 3.2 Armour
 - Level 3.2 Shields
 - Level 0.2 Evocations


You had 4 spell levels left.
You didn't know any spells.

Dungeon Overview and Level Annotations

Branches:
Dungeon (3/16)

Altars:


Innate Abilities, Weirdness & Mutations

You can tolerate rotten meat.


Message History

You are too injured to fight recklessly!
You are too injured to fight recklessly!
You are too injured to fight recklessly!
You are too injured to fight recklessly!
You closely miss the gnoll.
The gnoll is severely wounded.
You block the gnoll's attack. The gnoll barely misses you.
You sock the gnoll!
You kill the gnoll!
The gnoll hits you from afar with a spear.
* * * LOW HITPOINT WARNING * * *
You block the gnoll's attack.
Things that are here:
a spear; a gnoll corpse You hit the gnoll.
The gnoll is moderately wounded.
The gnoll hits you with a spear.
* * * LOW HITPOINT WARNING * * *
The gnoll hits you with a spear.
You die...

#### ###### ### ...#
#...... ...$. ...# #....#
#...# ...# #....# #...#
...###....# #...######.
..........####..........
........................
.........................
...............)@g.......
..............).#####...#
................# .
................# ..
................# (♣
................####♣.♣
....................♣.♣
....................♣.♣
......#######.......♣.♣


You could see a gnoll.

Vanquished Creatures
  An orc priest (D:3)
  3 gnolls (D:3)
  4 adders
  2 worms (D:3)
  2 oozes (D:1)
  7 orcs (D:3)
  11 bats
  A giant cockroach (D:3)
  5 goblins
  4 hobgoblins
  8 jackals
  A quokka (D:3)
  4 giant newts
  11 kobolds
  6 rats
70 creatures vanquished.

Notes
Turn   | Place    | Note
--------------------------------------------------------------
     0 | D:1      | Mitsuki, the Hill Orc Fighter, began the quest for the Orb.
     0 | D:1      | Reached XP level 1. HP: 19/19 MP: 1/1
    86 | D:1      | Reached XP level 2. HP: 21/26 MP: 2/2
   399 | D:1      | Reached XP level 3. HP: 31/31 MP: 3/3
   512 | D:1      | Reached skill level 4 in Maces & Flails
  1294 | D:3      | Reached XP level 4. HP: 32/39 MP: 4/4
  1505 | D:3      | Reached skill level 5 in Maces & Flails
  1589 | D:3      | Reached XP level 5. HP: 5/45 MP: 5/5
  2480 | D:3      | Reached skill level 6 in Maces & Flails
  2486 | D:3      | Slain by a gnoll

Action                   |  1- 3 |  4- 6 || total
-------------------------+-------+-------++-------
Melee: Mace              |   144 |   114 ||   258
Evoke: Wand              |     9 |     3 ||    12
  Use: Scroll            |     1 |     1 ||     2
       Potion            |       |     2 ||     2
